AoeStats
← 鄙人張麻子

Arabia

503557300Analyzed
1v1 RM · 1mo ago on Sep 1, 2026· 39m 37s· 2 players
Game mode
Random Map
Map size
Tiny (2 player)
Population
200
Speed
Normal
Resources
Standard
Victory
Conquest
Starting age
Dark Age
Ending age
Imperial Age
RankedLock teamsTeams togetherTeam positionsShared explorationLock speedFull tech treeHidden civsTurbo modeCheats
Victory
Defeat
🇨🇦 Burgundians · Canada
1159
+17
🇹🇼 Magyars · Taiwan
1187
-17
Bloo🐟
6:32 Loom
9:14 Feudal Age
7:55 Double-Bit Axe
12:06 Horse Collar
12:43 Bow Saw
24:14 Castle Age
24:19 Fletching
30:13 Forging
29:43 Cavalier
30:53 Husbandry
32:08 Iron Casting
31:38 Scale Barding Armor
32:27 Heavy Plow
38:07 Chain Barding Armor
鄙人張麻子
6:50 Loom
9:21 Feudal Age
10:16 Double-Bit Axe
16:45 Padded Archer Armor
16:35 Fletching
19:42 Wheelbarrow
23:14 Castle Age
22:13 Padded Archer Armor
23:07 Bloodlines
23:30 Crossbowman
24:08 Bodkin Arrow
24:50 Bow Saw
27:23 Husbandry
29:57 Town Watch
31:49 Scale Barding Armor
31:40 Horse Collar
31:52 Gold Mining
34:01 Leather Archer Armor
34:07 Chain Barding Armor
34:29 Pikeman
35:10 Scale Mail Armor
38:13 Chain Mail Armor
39:20 Hand Cart
Connection lost

Rejoining the realm…

Still unreachable

The connection could not be restored.

Session expired

The server has moved on; the page needs a fresh start.